 Dungeon Crawl Stone Soup version 0.29.1-15-g9cfb28693d (webtiles) character file.

Game seed: 876598730567382658

1177 sizableburger the Ruffian (level 8, -5/55 HPs)
             Began as an Octopode Fighter on Apr 7, 2023.
             Was a Believer of Okawaru.
             Killed from afar by Dowan (6 damage)
             ... with a puff of flame
             ... on level 6 of the Dungeon.
             The game lasted 00:14:46 (7701 turns).

sizableburger the Ruffian (Octopode Fighter)        Turns: 7701, Time: 00:14:46

Health: -5/55      AC:  3    Str: 18    XL:     8   Next: 41%
Magic:  0/8        EV: 13    Int: 10    God:    Okawaru [**....]
Gold:   296        SH:  6    Dex: 11    Spells: 6/7 levels left

rFire   + . .      SeeInvis .     - Unarmed
rCold   + . .      Faith    .   a - +0 buckler
rNeg    . . .      Spirit   +   (helmet restricted)
rPois   +          Reflect  .   d - amulet of guardian spirit
rElec   +          Harm     .   (no ring)
rCorr   +          Rampage  .   (no ring)
Will    .....                   (no ring)
Stlth   ++++......              (no ring)
HPRegen 0.18/turn               (no ring)
MPRegen 0.11/turn               (no ring)
                                (no ring)
                                (no ring)

@: brilliant, resistant, heroic, grasped by roots, attractive, constricted
A: almost no armour, amphibious, 8 rings, camouflage 1, gelatinous body 1,
(nimble swimmer 1), tentacles, iridescent scales 1, poison resistance, wild
magic 1
a: Renounce Religion, Heroism


You were on level 6 of the Dungeon.
You worshipped Okawaru.
Okawaru was pleased with you.
You visited 1 branch of the dungeon, and saw 6 of its levels.

You collected 296 gold pieces.

Inventory:

Missiles
 h - 12 poisoned darts (quivered)
Armour
 a - a +0 buckler (worn)
Jewellery
 d - an amulet of guardian spirit (around mantle)
Scrolls
 e - 2 scrolls of teleportation
 f - a scroll of fog {unknown}
 g - 2 scrolls of immolation {unknown}
 i - a scroll of blinking {unknown}
 n - 2 scrolls of enchant armour {unknown}
 p - 5 scrolls of identify
 q - a scroll of acquirement {unknown}
Potions
 b - a potion of might
 c - a potion of curing
 j - a potion of haste
 l - a potion of flight {unknown}
 m - a potion of resistance


   Skills:
 - Level 5.0(10.0) Fighting
 + Level 0.0(5.0) Throwing
 - Level 5.4(10.4) Dodging
 - Level 3.5(8.5) Shields
 + Level 6.7(11.7) Unarmed Combat
 - Level 3.0 Transmutations
 + Level 1.0 Invocations


You had 6 spell levels left.
You knew the following spells:

 Your Spells              Type           Power      Damage    Failure   Level
a - Beastly Appendage     Tmut           22%        N/A       21%         1

Your spell library contained the following spells:

 Spells                   Type           Power      Damage    Failure   Level
 Wereblood                Tmut           11%        N/A       28%         2
 Apportation              Tloc           0%         N/A       52%         1
 Necrotise                Necr           0%         1d4       52%         1
 Spider Form              Tmut/Pois      5%         N/A       67%         3
 Summon Small Mammal      Summ           Unusable   N/A       N/A         1

Dungeon Overview and Level Annotations

Branches:
Dungeon (6/15)
 Temple: D:4-7

Altars:
Ashenzari
Gozag
Hepliaklqana
Kikubaaqudgha
Okawaru
Ru

Shops:
D:2 (   D:4 [

Annotations:
D:6 Dowan, Duvessa


Innate Abilities, Weirdness & Mutations

You cannot wear most types of armour.
You are amphibious.
You can wear up to eight rings at the same time.
Your skin changes colour to match your surroundings (Stealth+).
Your rubbery body absorbs attacks. (AC +1, EV +1)
((You are camouflaged when in or above water. (Stealth+)))
You have tentacles for arms and can constrict up to eight enemies at once.
You are partially covered in iridescent scales. (AC +2)
Your system is resistant to poisons. (rPois)
Your spells are a little harder to cast, but a little more powerful.


Message History

The grasping roots constrict you.
* * * LOW HITPOINT WARNING * * *
Dowan gestures wildly while chanting.
Dowan blinks!
It was a potion of attraction.
You feel attractive to monsters.
You constrict Duvessa.
Duvessa looks more healthy.
Duvessa hits you with a +0 short sword!
* * * LOW HITPOINT WARNING * * *
The grasping roots constrict you.
* * * LOW HITPOINT WARNING * * *
Dowan is attracted toward you.
The grasping roots release their grip on you.
You feel better.
You constrict Duvessa, but do no damage.
Dowan smirks and points a slender finger.
You block Dowan's attack. You block Duvessa's attack.
It was a potion of brilliance.
You feel clever all of a sudden.
You constrict Duvessa. Dowan hits you with a +0 dagger!
* * * LOW HITPOINT WARNING * * *
Duvessa drinks a potion.
Duvessa is healed!
You feel better.
You constrict Duvessa. Duvessa hits you with a +0 short sword!
* * * LOW HITPOINT WARNING * * *
You block Dowan's attack.
You feel better.
You constrict Duvessa. Dowan hits you with a +0 dagger.
* * * LOW HITPOINT WARNING * * *
Duvessa hits you with a +0 short sword.
* * * LOW HITPOINT WARNING * * *
Okay, then.
It was a potion of mutation.
You feel extremely strange.
Iridescent scales grow over part of your body.
You feel less in control of your magic.
You feel resistant to poisons.
You constrict Duvessa.
Duvessa zaps a wand.
The roots erupt in riotous growth!
The grasping roots grab you!
Dowan is unaffected.
Duvessa is unaffected.
The grasping roots constrict you!
* * * LOW HITPOINT WARNING * * *
Dowan casts a spell at you. The puff of flame hits you. You resist.
You die...

#.
....#####.(........# .
........#....8.....#
...................#
..#####.........###
##. #....._...#
#..#####........##
###..#............##
..#....#.....#.......#
(.....e@.............#
(.....e..............#
...........##..#######
...............#
...............#
...............#
######......####
#....... #.....


You could see Duvessa and Dowan.

Vanquished Creatures
  Grinder (D:3)
  A centaur (D:6)
  An ogre (D:4)
  A bullfrog (D:4)
  A necrophage (D:5)
  2 scorpions
  A jelly (D:5)
  2 hounds (D:5)
  A gnoll bouda (D:3)
  An orc priest (D:3)
  Crazy Yiuf (D:3)
  4 iguanas (D:5)
  12 adders
  8 gnolls
  A white imp (D:5)
  An ufetubus (D:5)
  A worm (D:3)
  4 dart slugs
  10 orcs
  5 ball pythons
  13 endoplasms
  2 giant cockroaches
  13 goblins
  13 hobgoblins
  3 quokkas
  3 bats
  7 frilled lizards
  6 kobolds
  3 rats
122 creatures vanquished.

Notes
Turn   | Place    | Note
-------+----------+-------------------------------------------
     0 | D:1      | sizableburger the Octopode Fighter began the quest for the
                  | Orb.
     0 | D:1      | Reached XP level 1. HP: 16/16 MP: 1/1
   121 | D:1      | Reached XP level 2. HP: 21/21 MP: 2/2
   711 | D:1      | Reached XP level 3. HP: 20/26 MP: 3/3
  1286 | D:2      | Reached skill level 3 in Unarmed Combat
  1711 | D:2      | Reached XP level 4. HP: 14/33 MP: 4/4
  2027 | D:2      | Found a faded altar of an unknown god.
  2048 | D:2      | Prayed at the altar of an unknown god.
  2048 | D:2      | Became a worshipper of Warmaster Okawaru
  2048 | D:2      | Reached * piety under Okawaru
  2301 | D:2      | Found Fies's Antique Weapon Emporium.
  2712 | D:3      | Found an ancient bone altar of Kikubaaqudgha.
  2729 | D:3      | Found a runed translucent door.
  2730 | D:3      | Noticed Crazy Yiuf
  2761 | D:3      | Noticed Grinder
  3164 | D:3      | Reached XP level 5. HP: 34/37 MP: 5/5
  3525 | D:3      | Paralysed by Grinder for 3 turns
  3535 | D:3      | Killed Grinder
  3536 | D:3      | Reached skill level 4 in Unarmed Combat
  3536 | D:3      | Reached XP level 6. HP: 43/43 MP: 6/6
  4003 | D:3      | Killed Crazy Yiuf
  4147 | D:4      | Reached skill level 5 in Unarmed Combat
  4390 | D:4      | Identified the +1 chain mail of Polish {Str+4}
  4436 | D:3      | Reached ** piety under Okawaru
  4437 | D:3      | Reached skill level 5 in Dodging
  4444 | D:3      | Reached XP level 7. HP: 7/48 MP: 7/7
  4725 | D:4      | Found Nybb's Armour Emporium.
  5038 | D:5      | Entered Level 5 of the Dungeon
  5203 | D:5      | Learned a level 1 spell: Beastly Appendage
  5444 | D:5      | Reached skill level 1 in Transmutations
  5722 | D:5      | Found a hazy altar of Hepliaklqana.
  6011 | D:4      | Reached skill level 6 in Unarmed Combat
  6116 | D:4      | Reached XP level 8. HP: 54/54 MP: 8/8
  6865 | D:5      | Found a broken altar of Ashenzari.
  6964 | D:5      | Reached skill level 5 in Fighting
  7052 | D:5      | Identified the +4 dagger "Redezo" {vamp, rC+}
  7380 | D:6      | Reached skill level 1 in Invocations
  7625 | D:6      | Identified the +2 ring mail "Jishefuy" {Str+2}
  7645 | D:6      | Found an opulent altar of Gozag.
  7645 | D:6      | Found a sacrificial altar of Ru.
  7685 | D:6      | Noticed Duvessa
  7686 | D:6      | Noticed Dowan
  7701 | D:6      | Gained mutation: You are partially covered in iridescent
                  | scales. (AC +2) [potion of mutation]
  7701 | D:6      | Gained mutation: Your spells are a little harder to cast,
                  | but a little more powerful. [potion of mutation]
  7701 | D:6      | Gained mutation: Your system is resistant to poisons.
                  | (rPois) [potion of mutation]
  7701 | D:6      | HP: 1/55 [constriction (7)]
  7701 | D:6      | Killed from afar by Dowan

Illustrated notes

Levels and vault maps discovered:
D:1:      minmay_arrival_hallway, layout_basic
D:2:      layout_loops_corners, serial_shops, shop, basic_ecumenical_altar
D:3:      layout_basic, old_standard_altar, uniq_grinder,
          uniq_crazy_yiuf_cottage
D:4:      layout_loops_cross, serial_shops, shop, minmay_vboxes
D:5:      layout_loops_corners, mainiacjoe_overflow_alcove_2,
          kennysheep_little_box, hangedman_decor_slide_cut
D:6:      layout_cave_pools, grunt_temple_overflow_open,
          minmay_temple_entry_sparse_star, uniq_duvessa

Skill      XL: |  1  2  3  4  5  6  7  8 |
---------------+-------------------------+-----
Unarmed Combat | 3 4 5 6 |  6.7
Fighting       | 4 5 |  5.0
Dodging        | 4 5 |  5.4
Transmutations | 2 3 |  3.0
Invocations    | 1 |  1.0
Shields        | |  3.5

Action                   |  1- 3 |  4- 6 |  7- 9 || total
-------------------------+-------+-------+-------++-------
Melee: Unarmed           |    80 |   114 |   102 ||   296
       Tentacles         |    14 |    19 |    30 ||    63
       Constrict         |    15 |    30 |    28 ||    73
       Punch             |     2 |     3 |     2 ||     7
       Kick              |       |       |     3 ||     3
Throw: Dart              |       |    11 |    25 ||    36
 Cast: Beastly Appendage |       |       |     2 ||     2
Invok: Heroism           |       |       |     1 ||     1
  Use: Scroll            |     1 |     5 |     2 ||     8
       Potion            |       |     1 |     8 ||     9
 Stab: Sleeping          |     2 |     5 |     7 ||    14
       Distracted        |     1 |       |     1 ||     2
Armor: Skin              |     2 |     4 |     4 ||    10
Dodge: Dodged            |    36 |    40 |    43 ||   119
Block: Buckler           |    15 |    18 |    27 ||    60
